 Dungeon Crawl Stone Soup version 0.27-b1-2-g8387495791 (webtiles) character file.

Game seed: 8396079883690398057

76 seveneves the Covered (level 4, -2/40 HPs)
             Began as a Minotaur Fighter on July 25, 2021.
             Was an Initiate of Ashenzari.
             Slain by an orc wizard (3 damage)
             ... on level 3 of the Dungeon.
             The game lasted 00:08:29 (1526 turns).

seveneves the Covered (Minotaur Fighter)            Turns: 1526, Time: 00:08:29

Health: -2/40      AC:  7    Str: 21    XL:     4   Next: 12%
Magic:  3/3        EV:  5    Int:  5    God:    Ashenzari [......]
Gold:   64         SH: 14    Dex: 10    Spells: 3/3 levels left

rFire    . . .     SeeInvis .   a - +0 long sword
rCold    . . .     Faith    .   f - +0 tower shield
rNeg     . . .     Spirit   .   b - +0 scale mail
rPois    .         Reflect  .   (helmet restricted)
rElec    .         Harm     .   (no cloak)
rCorr    .         Rampage  .   (no gloves)
Will     .....                  (no boots)
Stlth    ..........             (no amulet)
HPRegen  0.13/turn              (no ring)
MPRegen  0.08/turn              (no ring)

@: mighty
A: horns 2, retaliatory headbutt
a: Renounce Religion, Curse Item


You were on level 3 of the Dungeon.
You worshipped Ashenzari.
Ashenzari was noncommittal.
You visited 1 branch of the dungeon, and saw 3 of its levels.

You collected 64 gold pieces.

Inventory:

Hand Weapons
 a - a +0 long sword (weapon)
Armour
 b - a +0 scale mail (worn)
 c - a +0 kite shield
 f - a +0 tower shield (worn)
 g - a scarf of harm
Scrolls
 e - a scroll of blinking
 h - a scroll of identify
 j - 2 scrolls of amnesia
Potions
 i - a potion of flight
 k - a potion of resistance
 l - a potion of brilliance


   Skills:
 + Level 4.0 Fighting
 + Level 3.3 Long Blades
 + Level 4.8 Armour
 + Level 0.4 Dodging
 + Level 0.2 Stealth
 + Level 4.0 Shields


You had 3 spell levels left.
You didn't know any spells.
Your spell library was empty.

Dungeon Overview and Level Annotations

Branches:
Dungeon (3/15)

Altars:
Ashenzari


Innate Abilities, Weirdness & Mutations

You have a pair of horns on your head.
You reflexively headbutt those who attack you in melee.


Message History

You kill Natasha!
Natasha screams in fury as she dies!
The crimson imp disappears in a puff of smoke!
Your Fighting skill increases to level 4!
Your Shields skill increases to level 4!
You have reached level 4!
You feel agile.
An orc comes into view. It is wielding a +0 dagger.
The orc shouts!
You hear a shout! x2
An orc comes into view. It is wielding a +0 morningstar.
Found a potion of brilliance.
You feel very mighty all of a sudden.
An orc priest and an orc wizard come into view.
The orc priest shouts!
You closely miss the orc.
A giant cockroach comes into view.
You block the orc's attack. x2
You closely miss the orc. You block the orc's attack.
The orc wizard gestures wildly while chanting.
The orc wizard flickers and vanishes!
Deactivating autopickup; reactivate with Ctrl-A.
You block the orc's attack.
You slice the orc!!
You kill the orc!
The orc priest looks satisfied for a moment.
Something hits you but does no damage.
You closely miss something. Your headbutt misses something.
Something hits you but does no damage.
You hit something. Something hits you.
You hear some strange, mumbled words.
Something tries to affect you, but you resist.
You miss something. Something hits you but does no damage. Something hits you.
Unknown command.
You barely miss something. Your headbutt misses something. Something hits you.
The orc priest invokes the aid of Beogh against you.
Beogh smites you!
* * * LOW HITPOINT WARNING * * *
Something hits you but does no damage.
You miss something. Something hits you.
You die... #. .# #. . #.#! ...
Bo#

#o# #)# #@#
###.# #...# ###
#.###
###<#########.#
#.............#
#.#.###########
+.... ##..#.


You could see an orc priest, an orc and a giant cockroach.

Vanquished Creatures
  Natasha (D:3)
  2 adders (D:2)
  An orc (D:3)
  3 endoplasms
  3 giant cockroaches
  3 goblins
  3 hobgoblins
  6 jackals
  A bat (D:2)
  A frilled lizard (D:1)
  3 kobolds
  2 rats (D:1)
29 creatures vanquished.

Notes
Turn   | Place    | Note
-------+----------+-------------------------------------------
     0 | D:1      | seveneves the Minotaur Fighter began the quest for the Orb.
     0 | D:1      | Reached XP level 1. HP: 19/19 MP: 0/0
   363 | D:1      | Reached XP level 2. HP: 20/27 MP: 1/1
   772 | D:2      | Found a faded altar of an unknown god.
   790 | D:2      | Reached XP level 3. HP: 31/33 MP: 2/2
   799 | D:2      | Became a worshipper of Ashenzari the Shackled
  1493 | D:3      | Noticed Natasha
  1501 | D:3      | Killed Natasha
  1502 | D:3      | Reached XP level 4. HP: 22/40 MP: 3/3
  1525 | D:3      | HP: 1/40 [orc priest/divine providence (15)]
  1526 | D:3      | Slain by an orc wizard

Illustrated notes

Levels and vault maps discovered:
D:1:      dpeg_arrival_radiant, layout_basic, nrook_campfire, minmay_surrounded
D:2:      layout_basic, hellmonk_ecumenical_altar_pennies_from_heaven,
          chequers_serial_rivers_micro_e, minmay_tetromino_s4
D:3:      wad_crossroads, layout_basic, uniq_sigmund, uniq_natasha

Skill      XL: |  1  2  3 |
---------------+----------+-----
Armour         | 4 |  4.8
Long Blades    | 3 |  3.3
Fighting       | 4 |  4.0
Shields        | 4 |  4.0
Dodging        | |  0.4
Stealth        | |  0.2

Action                   |  1- 3 |  4- 6 || total
-------------------------+-------+-------++-------
Melee: Long sword        |    82 |     8 ||    90
       Headbutt          |     6 |       ||     6
  Use: Potion            |     1 |     1 ||     2
Armor: Scale mail        |    34 |     4 ||    38
Dodge: Dodged            |    19 |       ||    19
Block: Kite shield       |    42 |       ||    42
       Tower shield      |    36 |     4 ||    40
       Rpst.: Long sword |     8 |       ||     8
